[Event "Early-Titled-Tuesday-Blitz-May-28-2024"]
[Site "Chess.com"]
[Date "2024.05.28"]
[Round "4"]
[White "Irina_Mikhaylova"]
[Black "djano"]
[Result "0-1"]
[WhiteElo "2335"]
[BlackElo "2584"]
[TimeControl "180+1"]
[EndTime "8:40:52 PDT"]
[Termination "djano won by resignation"]

1. d4 f5 2. Nf3 e6 3. g3 Nf6 4.
Bg2 Be7 5. O-O O-O 6. c4 d6 7.
b4 Qe8 8. Bb2 Ne4 9. Nbd2 Bf6 10.
e3 a5 11. b5 Nd7 12. Ne1 Ng5 13. f4 Nf7 14. e4 g6 15. Nd3 Nd8 16. e5 Bg7 17.
Re1 dxe5 18. Nxe5 Nxe5 19. dxe5 Qe7 20. Nf3 Nf7 21. a4 Rd8 22. Qc2 Qc5+ 23. Kh1 Bd7 24. Ba3 Qa7 25. c5 Be8 26. Red1 c6 27. b6 Qb8 28.
Nd4 Bd7 29. Rd2 Re8 30. Rad1 Bc8 31. Kg1 Nh6 32. h3 Nf7 33. Kh2 h5 34. h4 Nh6 35.
Bf3 Kf7 36. Nb3 Bf8 37. Qc3 Be7 38. Nd4 Rd8 39. Nc2 Rd5 40. Ne3 Bd7 41. Nxd5 exd5 42. e6+ Bxe6 43. Bb2 Qf8 44. Re2 Bxc5 45. Rde1 Bb4 46.
Qf6+ Kg8 47. Qxe6+ Qf7 48. Qxf7+ Kxf7 49. Rd1 Rd8 50. Be5 Rd7 51. Bc7 Ng8 52. Be5 Ne7 53. Rb2 Bc5 54. Rc1 Ba3 55. Rbc2 Bxc1 56. Rxc1 Nc8 57. Bd4 Re7 58. Rc2 Re8 59. Kg2 Nd6 60. Bc5 Nc4 61. Re2 Rd8 62. Re7+ Kg8 63. Rxb7 d4 64.
Bxc6 d3 65. Bb5 d2 66. Bxc4+ Kh8 67. Be2 Re8 68. Bd1 Re1 69. Bd4+ Kg8 70. Bb3+ Kf8 71. Rh7 Rb1 72. Rf7+ Ke8 73. Rc7 Rxb3 74. b7 d1=Q 75.
Rc8+ Kd7 76. b8=Q Rxb8 77. Rxb8 Qxd4 0-1

[Event "Early-Titled-Tuesday-Blitz-May-28-2024"]
[Site "Chess.com"]
[Date "2024.05.28"]
[Round "4"]
[White "Shushik"]
[Black "Larina_Maria"]
[Result "1-0"]
[WhiteElo "2559"]
[BlackElo "2381"]
[TimeControl "180+1"]
[EndTime "8:40:52 PDT"]
[Termination "Shushik won on time"]

1. Nf3 f5 2. d4 Nf6 3. c3 d6 4.
g3 g6 5. Bg2 Bg7 6. Nbd2 O-O 7.
Qc2 Nc6 8. Qb3+ e6 9. O-O Kh8 10. Ng5 Qe7 11. e4 h6 12. Nh3 g5 13. f4 g4 14. Nf2 h5 15. Re1 Qd8 16. Nf1 Ne7 17. Bd2 Ng6 18. d5 exd5 19. exf5 Bxf5 20. Ne3 Bd7 21. Nxd5 Nxd5 22. Bxd5 c6 23. Bg2 Qb6 24. Qc2 Bf5 25. Qc1 h4 26. Be3 Qc7 27. Qd2 Rae8 28.
Bd4 d5 29. Bxg7+ Qxg7 30. Nd3 Be4 31. Nc5 Bxg2 32. Qxg2 Qc7 33. Ne6 Qb6+ 34. Kh1 Rf6 35. Nd4 Rff8 36. Qf2 h3 37. f5 Ne5 38. Qf4 Qc7 39. Qh6+ Qh7 40. Qg5 Qg7 41. Qxg7+ Kxg7 42. Ne6+ Rxe6 43. fxe6 Nf3 44. e7 Re8 45. Re3 Kf6 46.
Rf1 Rxe7 47. Rxe7 Kxe7 48. Rf2 Kd6 49. Re2 Kc5 50. Re7 Kc4 51. Rg7 Ne5 52. Kg1 b6 53. Kf2 c5 54. Ke3 d4+ 55. cxd4 cxd4+ 56. Ke4 Nf3 57. Rxg4 Nxh2 58. Rh4 Nf1 59. Rxh3 Nd2+ 60. Ke5 Nf3+ 61. Kf4 Nd2 62. g4 d3 63. g5 Nb1 64.
Ke3 d2 65. Ke2 Kd5 66. g6 Ke6 67. Rf3 b5 68. g7 1-0

[Event "Early-Titled-Tuesday-Blitz-May-28-2024"]
[Site "Chess.com"]
[Date "2024.05.28"]
[Round "4"]
[White "SuperGPatzer"]
[Black "mostafa_sakha"]
[Result "1/2-1/2"]
[WhiteElo "2046"]
[BlackElo "2315"]
[TimeControl "180+1"]
[EndTime "8:40:52 PDT"]
[Termination "Game drawn - insufficient material"]

1. g4 d5 2. h3 c6 3. d4 h5 4.
g5 Bf5 5. Nc3 e6 6. Bg2 Bb4 7. Nf3 Ne7 8. Nh4 Ng6 9. Nxf5 exf5 10.
h4 Qd6 11. Qd3 Nf4 12. Qe3+ Ne6 13. Bd2 Nd7 14. O-O-O O-O-O 15. Na4 Bxd2+ 16. Rxd2 Nb6 17. Nxb6+ axb6 18. Qb3 Kc7 19. e3 f4 20. Bh3 Rhe8 21. Re1 g6 22. c4 fxe3 23. Rxe3 dxc4 24. Qxc4 Qd5 25. Qxd5 Rxd5 26. Bxe6 Rxe6 27. Rxe6 fxe6 28. Kc2 Rf5 29. Kd3 Rf4 30. Re2 Kd6 31. b4 Rxh4 32. a4 Rg4 33. b5 Rxg5 34. bxc6 bxc6 35. Rb2 b5 36. a5 Rf5 37. Ke4 Rf7 38. f4 Ra7 39.
Rg2 Rxa5 40. Rxg6 Ra1 41. Rh6 Re1+ 42. Kd3 Rf1 43. Ke4 b4 44. Rxh5 b3 45. Rh2 Re1+ 46. Kd3 Rf1 47. Rb2 Rxf4 48. Kc4 Rf3 49. Rb1 Re3 50.
Rb2 Kc7 51. Rxb3 Rxb3 52. Kxb3 Kd7 53. Kb4 Kd6 54. Kc4 Kd7 55. Kc5 Kc7 56. Kb4 Kb6 57. Kc4 Kb7 58. Kc5 Kc7 59. Kb4 Kd6 60.
Kc4 e5 61. dxe5+ Kxe5 62. Kc5 Ke4 63. Kxc6 1/2-1/2

[Event "Early-Titled-Tuesday-Blitz-May-28-2024"]
[Site "Chess.com"]
[Date "2024.05.28"]
[Round "4"]
[White "Durarbayli"]
[Black "DumbKing75"]
[Result "1/2-1/2"]
[WhiteElo "2904"]
[BlackElo "2673"]
[TimeControl "180+1"]
[EndTime "8:40:54 PDT"]
[Termination "Game drawn by stalemate"]

1. e4 c5 2. Nf3 d6 3. d4 cxd4 4. Nxd4 Nf6 5. Nc3 Nc6 6. f3 e5 7. Nb3 Be6 8. Be3 d5 9. exd5 Nxd5 10. Nxd5 Qxd5 11. Qxd5 Bxd5 12. O-O-O O-O-O 13. Bb5 a6 14. Bxc6 Bxc6 15. Na5 Rxd1+ 16. Rxd1 Be7 17. Nxc6 bxc6 18. Rd3 Rd8 19. Rb3 Rd7 20. Rb6 c5 21. Rxa6 Kb7 22. Ra5 Kc6 23. Ra8 f5 24. Rc8+ Kb7 25. Rg8 Bd6 26.
Re8 Kc6 27. c4 Rf7 28. Kc2 e4 29. fxe4 Bxh2 30. Re6+ Kd7 31. exf5 Rxf5 32. Ra6 h5 33. Rg6 Be5 34. b3 Bf6 35. Kd3 h4 36. Ke4 Ke6 37.
Bf4 Rh5 38. Be3 Re5+ 39. Kf3 Kf5 40. Rxf6+ gxf6 41. a3 Ke6 42. b4 cxb4 43. axb4 Rf5+ 44. Kg4 Re5 45. Kf3 Rf5+ 46. Bf4 Kf7 47. Ke4 Ke6 48. b5 Rh5 49. Kd4 h3 50. gxh3 Rh4 51. Ke4 f5+ 52. Kf3 Rxh3+ 53. Bg3 Rh7 54. b6 Rb7 55. Bc7 Kd7 56. Kf4 Rxc7 57. bxc7 Kxc7 58. Kxf5 Kd6 59. Ke4 Kc5 60. Kd3 Kc6 61. Kd4 Kd6 62. c5+ Kc6 63.
Kc4 Kc7 64. Kd5 Kd7 65. c6+ Kc7 66. Kc5 Kc8 67. Kd6 Kd8 68. c7+ Kc8 69. Kc6 1/2-1/2

[Event "Early-Titled-Tuesday-Blitz-May-28-2024"]
[Site "Chess.com"]
[Date "2024.05.28"]
[Round "4"]
[White "Viacheslav92"]
[Black "artin10862"]
[Result "1/2-1/2"]
[WhiteElo "2544"]
[BlackElo "3073"]
[TimeControl "180+1"]
[EndTime "8:40:57 PDT"]
[Termination "Game drawn by repetition"]

1. e4 e6 2. d4 d5 3. Nd2 Be7 4. Ngf3 Nf6 5. Bd3 c5 6. exd5 exd5 7. dxc5 O-O 8. Nb3 a5 9. a4 Na6 10. Be3 Qc7 11. Bxa6 Rxa6 12. h3 Rd8 13. O-O Ne4 14.
Nfd4 Rg6 15. Qf3 f5 16. Nb5 Qe5 17. Bd4 Qb8 18. Be3 Qe5 19. Bd4 Qb8 20. Be3 f4 21.
Bxf4 Rf8 22. Bxb8 Rxf3 23. Kh2 Rxf2 24. Rxf2 Nxf2 25. Nxa5 Bxc5 26. Nb3 Be3 27. Re1 Re6 28. Bg3 Ng4+ 29. hxg4 Rh6+ 30. Bh4 Rxh4+ 31. Kg3 Rxg4+ 32. Kf3 d4 33. N5xd4 Bxd4 34. Re8+ Kf7 35. Rxc8 h5 36. Rc4 Bxb2 37. Rxg4 hxg4+ 38. Kxg4 Ke7 39. Kf5 Kd6 40. g4 Kd5 41. g5 b6 42. a5 b5 43. Kg6 Kc6 44. Kf7 Bc3 45. Ke6 b4 46. g6 Bb2 47.
Kf7 Bc3 48. Ke6 Bb2 49. Kf5 Kb5 50. Ke4 Bc3 51. Kd5 Bb2 52. Kd6 Bc3 53. Kc7 Ka6 54. Kc6 Be1 55. Kd5 Bc3 56. Kc4 Be1 57. Kd3 Kb5 58. Ke4 Bc3 59. Kd5 Be1 60. Ke6 Bc3 61. Ke7 Be1 62. Ke8 Bc3 63. Kd8 Ka6 64. Kc8 Be5 65.
Kd7 Kb5 66. Ke6 Bc3 67. Kd5 1/2-1/2

[Event "Early-Titled-Tuesday-Blitz-May-28-2024"]
[Site "Chess.com"]
[Date "2024.05.28"]
[Round "4"]
[White "eightbyeightchess"]
[Black "chessdjw"]
[Result "0-1"]
[WhiteElo "2427"]
[BlackElo "2782"]
[TimeControl "180+1"]
[EndTime "8:40:58 PDT"]
[Termination "chessdjw won by checkmate"]

1. e4 e5 2. Nf3 Nc6 3. Bb5 a6 4. Ba4 Nf6 5. d4 exd4 6. O-O Be7 7. e5 Ne4 8. Nxd4 O-O 9. c3 Nc5 10. Bc2 Nxe5 11. Bxh7+ Kxh7 12. Qh5+ Kg8 13. Qxe5 d5 14. Rd1 Bd6 15. Qh5 Qf6 16. Bg5 Qe5 17. Nd2 f6 18.
N2f3 Qe8 19. Qxe8 Rxe8 20. Be3 Bd7 21. Nb3 Na4 22. Rxd5 Nxb2 23. Rd4 Na4 24. c4 Bc6 25. Rc1 Nc5 26. Nfd2 Ne6 27. Rd3 Rad8 28. Rdc3 Bb4 29. R3c2 Rd3 30. h3 Red8 31. Nf1 Kf7 32. Re2 a5 33. Bd2 Bxd2 34. Nfxd2 a4 35. Rxe6 axb3 36. Rxc6 bxc6 37. Nxb3 Ra8 38. Rc2 Ra3 39. g3 Rd1+ 40. Kg2 g5 41. Kf3 Kg6 42. h4 gxh4 43. gxh4 Rh1 44.
Kg3 Rg1+ 45. Kf4 f5 46. f3 Kf6 47. Nd4 Ra4 48. Nxf5 Ra1 49. Ne3 R1xa2 50. Rc3 R2a3 51. Rc1 c5 52. Rg1 Rd3 53. h5 Rd4+ 54. Kg3 Ra3 55. Re1 Rdd3 56. Nd5+ Kg5 57. Rf1 c6 58. Nc7 Kxh5 59.
Ne6 Rdc3 60. Nxc5 Rxc4 61. Ne4 Rxe4 62. Rh1+ Kg5 63. Rc1 Ree3 64. Rc5+ Kf6 65. Rxc6+ Kf7 66. Rc4 Rxf3+ 67. Kg4 Rf6 68. Rc7+ Kg6 69. Rc5 Ra4+ 70. Kg3 Rb6 71. Rc8 Rb3+ 72. Kf2 Ra2+ 73. Ke1 Rb1+ 74. Rc1 Rxc1# 0-1

[Event "Early-Titled-Tuesday-Blitz-May-28-2024"]
[Site "Chess.com"]
[Date "2024.05.28"]
[Round "4"]
[White "mortngabriel"]
[Black "KhBegmuratov"]
[Result "0-1"]
[WhiteElo "2459"]
[BlackElo "2685"]
[TimeControl "180+1"]
[EndTime "8:41:02 PDT"]
[Termination "KhBegmuratov won by resignation"]

1. d4 d5 2. c4 e6 3. Nf3 a6 4.
cxd5 exd5 5. Bf4 Bd6 6. Bxd6 Qxd6 7. Nc3 Nf6 8. e3 c6 9. Bd3 O-O 10. Qc2 h6 11. O-O Nbd7 12. Rab1 a5 13. Rfc1 Nb6 14. Na4 Nxa4 15. Qxa4 Be6 16. a3 Nd7 17. Qc2 a4 18.
Ne1 Rfc8 19. Be2 Qe7 20. Ra1 g6 21. Nd3 Bf5 22. Qc3 Be4 23. Nc5 Nxc5 24. Qxc5 Qg5 25. Bf1 Re8 26. Qd6 Re6 27. Qg3 Qe7 28. Rc3 Bf5 29. Rac1 h5 30. h3 Kh7 31. Bd3 Bxd3 32. Rxd3 Ra5 33. Rdc3 Rb5 34. R1c2 Rd6 35. Rc5 Rxc5 36.
Rxc5 b6 37. Rc1 b5 38. Qf3 Rf6 39. Qe2 Kg7 40. Qc2 Qe6 41. Qc5 g5 42. Qc2 g4 43.
hxg4 hxg4 44. Re1 Rh6 45. e4 Qf6 46. exd5 Qh4 47. Kf1 Qh1+ 48. Ke2 Qxg2 49. Qf5 cxd5 50. Qe5+ Kg8 51. Qe8+ Kg7 52. Qe5+ Rf6 53. Kd2 Qxf2+ 54. Re2 Qf4+ 55. Kd3 Qxe5 56. dxe5 Rg6 57. Kd4 g3 58. Rg2 f5 59. Kxd5 Rg4 60. e6 Kf6 61. Re2 Re4 62.
Rxe4 fxe4 63. Kd6 g2 64. e7 g1=Q 65. e8=Q Qd4+ 66. Kc6 Qc4+ 67. Kb6 Qe6+ 68. Qxe6+ Kxe6 69. Kxb5 e3 70. Kc4 e2 0-1

[Event "Early-Titled-Tuesday-Blitz-May-28-2024"]
[Site "Chess.com"]
[Date "2024.05.28"]
[Round "4"]
[White "bazar-wokzal"]
[Black "MatthewG-p4p"]
[Result "0-1"]
[WhiteElo "2592"]
[BlackElo "2895"]
[TimeControl "180+1"]
[EndTime "8:41:04 PDT"]
[Termination "MatthewG-p4p won on time"]

1. e4 e6 2. d4 d5 3. exd5 exd5 4. Nf3 Nf6 5. c4 Bb4+ 6. Nc3 O-O 7. Bd3 dxc4 8.
Bxc4 Bg4 9. O-O Nc6 10. Be3 Rb8 11. d5 Ne5 12. Be2 Bxc3 13. bxc3 Bxf3 14. Bxf3 Nxf3+ 15. Qxf3 Qxd5 16. Bxa7 Qxf3 17. gxf3 Ra8 18. Bd4 Nd5 19.
c4 Nf4 20. Be3 Ne6 21. Rfb1 b6 22. Rb5 Ra4 23. c5 bxc5 24. Bxc5 Rfa8 25. Be3 h6 26.
Rb2 g5 27. Rc2 Kg7 28. Kg2 Kg6 29. Kf1 R8a6 30. Kg2 h5 31. h3 f6 32. Kh2 Ng7 33.
Rxc7 Rxa2 34. Rxa2 Rxa2 35. Kg1 Nf5 36. Rc6 Nh4 37.
f4 g4 38. hxg4 hxg4 39. Kh2 Nf5 40. Kg1 g3 41. Rc3 Kh5 42. fxg3 Nxg3 43. Rc8 Kg4 44. Bf2 Ne4 45. Be1 Kxf4 46. Kf1 f5 47. Rh8 Ra1 48.
Rh4+ Kf3 49. Rh3+ Kg4 50. Rh4+ Kg5 51. Rh2 f4 52. Rg2+ Kf5 53. Rg8 f3 54. Rf8+ Kg4 55.
Rg8+ Kf4 56. Rb8 f2 57. Rf8+ Ke3 58. Rf3+ Kd4 59. Rxf2 Nxf2 60. Kxf2 Kd3 61. Bb4 Rb1 62. Bc5 Rc1 63. Bb6 Rc8 64. Kg2 Ke4 65. Ba7 Rg8+ 66. Kh2 Rg6 67. Bb8 Kf3 68. Kh1 Rg8 0-1

[Event "Early-Titled-Tuesday-Blitz-May-28-2024"]
[Site "Chess.com"]
[Date "2024.05.28"]
[Round "4"]
[White "drragnar1"]
[Black "HouseOfDurin"]
[Result "0-1"]
[WhiteElo "2431"]
[BlackElo "2244"]
[TimeControl "180+1"]
[EndTime "8:41:05 PDT"]
[Termination "HouseOfDurin won on time"]

1. e4 g6 2. d4 Bg7 3. Nc3 d6 4. g3 a6 5. a4 b6 6. Bg2 Bb7 7. Nge2 Nd7 8. O-O c5 9. Be3 Qc7 10. f4 Ngf6 11. h3 e5 12. fxe5 dxe5 13. d5 O-O 14.
Qd2 Ne8 15. Rf2 Nd6 16. b3 f5 17. Raf1 Rf7 18. h4 Raf8 19. Bh3 b5 20. axb5 axb5 21.
exf5 gxf5 22. Bh6 b4 23. Nd1 Ne4 24. Qc1 Nxf2 25. Rxf2 Bxd5 26. Bxg7 Rxg7 27. Bxf5 Nf6 28. Ne3 Be4 29. c3 Bxf5 30. Nxf5 Ne4 31. Rf1 Rxf5 32. Rxf5 Nxg3 33. Nxg3 Rxg3+ 34. Kf2 Qg7 35. Rg5 Rxg5 36. hxg5 Qf7+ 37. Kg2 Qxb3 38. cxb4 Qxb4 39. Qc2 Qd4 40.
Qf5 Qd2+ 41. Kh3 Qe3+ 42. Kg2 Qe2+ 43. Kg1 Qe3+ 44. Kg2 Qf4 45. Qe6+ Kg7 46. Qe7+ Kg6 47. Qxc5 Kxg5 48. Qe7+ Kf5 49. Qxh7+ Ke6 50. Qg8+ Kd6 51. Qd8+ Kc5 52. Qc7+ Kd4 53. Qd6+ Ke4 54. Qc6+ Kf5 55. Qd7+ Ke4 56. Qc6+ Ke3 57. Qc1+ Ke4 58. Qc2+ Kd5 59. Qb3+ Qc4 60. Qb7+ Kd4 61. Qd7+ Ke3 62. Qd5 Qxd5+ 0-1

[Event "Early-Titled-Tuesday-Blitz-May-28-2024"]
[Site "Chess.com"]
[Date "2024.05.28"]
[Round "4"]
[White "ajedrez-facil"]
[Black "MdChess1734"]
[Result "1-0"]
[WhiteElo "2243"]
[BlackElo "2418"]
[TimeControl "180+1"]
[EndTime "8:41:08 PDT"]
[Termination "ajedrez-facil won on time"]

1. e4 c6 2. d4 d5 3. exd5 cxd5 4. Nf3 Nf6 5. Bd3 Nc6 6. c3 g6 7. Bf4 Bg7 8. Nbd2 Nh5 9. Bg3 O-O 10. Qc2 Nxg3 11.
hxg3 e5 12. dxe5 Nxe5 13. Nxe5 Bxe5 14. Nf3 Bg7 15. O-O Bg4 16. Rfe1 Rc8 17. Qd2 Qd6 18. Bc2 Rfd8 19. Nd4 Qb6 20. Bb3 a5 21. f3 Bd7 22.
Rad1 Bc6 23. a3 a4 24. Ba2 Bb5 25. Kf2 Bc4 26. Bb1 Re8 27. Rxe8+ Rxe8 28. Re1 Rxe1 29. Kxe1 Qd6 30. Kf2 Be5 31. f4 Bf6 32. Bc2 Qb6 33. Bxa4 h5 34. Bd1 Qc7 35. Be2 h4 36. gxh4 Bxh4+ 37. g3 Bf6 38. Bf3 Qb6 39. Kg2 Qc5 40. Nc2 Qb5 41. Nb4 Qa4 42. Bxd5 Qb3 43. Kf3 Bxd5+ 44. Nxd5 Bg7 45. Ne3 Kh7 46. Qh2+ Kg8 47. Qd2 Qb6 48. Kf2 Qc5 49. Qd5 Qb6 50. Kf3 Qxb2 51.
Qc5 Qxc3 52. Qxc3 Bxc3 53. Nd5 Ba5 54. Ke4 Kg7 55. Ne7 Bd8 56. Nc8 Kf8 57. Nd6 b6 58.
Nc4 Ke7 59. Kd5 Kd7 60. Ne5+ Ke8 61. Kc6 g5 62. Nc4 gxf4 63. gxf4 Ke7 64. Nxb6 Ke6 65. Nd5 Kf5 66. a4 Ba5 67. Kb5 Bd8 68. a5 Ke4 69. a6 Kxd5 70. a7 1-0

[Event "Early-Titled-Tuesday-Blitz-May-28-2024"]
[Site "Chess.com"]
[Date "2024.05.28"]
[Round "4"]
[White "rhungaski"]
[Black "NikitaShnadrygin"]
[Result "1/2-1/2"]
[WhiteElo "2576"]
[BlackElo "2798"]
[TimeControl "180+1"]
[EndTime "8:41:11 PDT"]
[Termination "Game drawn - insufficient material"]

1. d4 d5 2. c4 Nc6 3. cxd5 Qxd5 4. e3 e5 5. Nc3 Bb4 6. Bd2 Bxc3 7.
Bxc3 exd4 8. Ne2 Nf6 9. Nxd4 O-O 10. Nxc6 Qxc6 11. Rc1 Re8 12. Bd4 Qd6 13. Be2 b6 14. O-O c5 15. Bc3 Qe6 16. Bf3 Ne4 17. Bxe4 Qxe4 18.
Re1 Bb7 19. f3 Qe6 20. a3 f5 21. Qe2 Rad8 22. Qf2 Qg6 23. h4 h6 24. Rcd1 Kh7 25. Kh2 Rd6 26. Rxd6 Qxd6+ 27. Qg3 Qxg3+ 28. Kxg3 Rd8 29. Kf4 Kg6 30. Rh1 Rd5 31. h5+ Kf7 32. Rh3 Rd6 33. Be5 g5+ 34. hxg6+ Rxg6 35. g3 Ke6 36. Bc3 Kf7 37.
Rh2 Rd6 38. Be5 Re6 39. Bb8 a6 40. Ba7 Bc8 41. Bb8 Bb7 42. Be5 Kg6 43. Bc3 b5 44.
Rd2 Kf7 45. Rd8 Re8 46. Rd7+ Re7 47. Rd2 Re6 48. Rh2 Kg6 49. Rh1 Kf7 50. Rg1 Kg6 51. g4 fxg4 52. Rxg4+ Kh5 53. e4 Bc6 54. Bg7 Rg6 55.
Be5 Rxg4+ 56. fxg4+ Kh4 57. Bd6 Bd7 58. Bf8 Bxg4 59.
Bxh6 Bc8 60. Ke5 Kh5 61. Bf8 c4 62. Kf6 Kg4 63. Bb4 Kf4 64. e5 Ke4 65. e6 Kd3 66. e7 Bd7 67. Kf7 Kc2 68. Bc3 a5 69. e8=Q Bxe8+ 70.
Kxe8 b4 71. axb4 axb4 72. Bxb4 Kxb2 73. Kd7 Kb3 74. Ba5 c3 75. Bxc3 1/2-1/2

[Event "Early-Titled-Tuesday-Blitz-May-28-2024"]
[Site "Chess.com"]
[Date "2024.05.28"]
[Round "4"]
[White "briesmas"]
[Black "eltenedor"]
[Result "1-0"]
[WhiteElo "2403"]
[BlackElo "2176"]
[TimeControl "180+1"]
[EndTime "8:41:14 PDT"]
[Termination "briesmas won on time"]

1. e4 b6 2. d4 Bb7 3. Bd3 e6 4. Nf3 d6 5. O-O g6 6. Bg5 f6 7. Bh4 g5 8. Nxg5 fxg5 9. Qh5+ Kd7 10. Bxg5 Be7 11. f4 Nf6 12. Qh3 Nxe4 13. Bxe7 Qxe7 14. f5 exf5 15. Rxf5 Kd8 16. Nc3 Nxc3 17. bxc3 Nd7 18. Raf1 Rf8 19. Rxf8+ Nxf8 20. Qh6 Nd7 21. Bxh7 c5 22.
Bd3 Kc7 23. Qd2 Re8 24. Kh1 Qe3 25. Qd1 cxd4 26. cxd4 Bc6 27. c3 Qe6 28. Qd2 Be4 29. Bb5 Nf8 30. Bxe8 Qxe8 31. Qe2 Nd7 32. Re1 d5 33. Qe3 Nf6 34. Qf4+ Kc6 35. Qxf6+ Kb5 36. Qf2 Kc6 37. Qe2 Kd6 38. Kg1 Qg6 39. Qf2 Kc6 40. h3 a5 41. Rc1 Kb5 42. a3 Kc6 43. c4 dxc4 44. Rxc4+ Kd5 45. Rc1 Qg7 46. Rd1 Qc7 47.
Rd2 Qc3 48. Kh2 Qxa3 49. Rd1 Qd6+ 50. Qg3 Qd7 51. Rd2 Kc6 52. Qf4 Qd5 53. g4 Kb7 54. g5 Ka6 55. h4 Qc6 56. h5 Qc3 57. g6 Bd5 58. g7 Qc1 59. h6 Qh1+ 60. Kg3 Qg1+ 61. Kh4 Qh1+ 62. Kg5 Be6 63. Kf6 Qh3 64. Ke7 Bd5 65. Qf6 Qc8 66. Qd6 Bc6 67. Kf6 Qe8 68.
Kg5 Qe3+ 69. Kf6 Qxd2 70. g8=Q Qxh6+ 71. Qg6 Qh8+ 72. Qg7 Qh5 73. Ke7 Qg5+ 74. Qxg5 Bb5 75. Qgg3 a4 76. Qga3 1-0

[Event "Early-Titled-Tuesday-Blitz-May-28-2024"]
[Site "Chess.com"]
[Date "2024.05.28"]
[Round "4"]
[White "Chopper1905"]
[Black "monomita"]
[Result "1-0"]
[WhiteElo "2968"]
[BlackElo "2738"]
[TimeControl "180+1"]
[EndTime "8:41:15 PDT"]
[Termination "Chopper1905 won by resignation"]

1. c4 e5 2. g3 Nf6 3. Bg2 c6 4. d4 e4 5. Bg5 d5 6. Nc3 Bb4 7. Qb3 Qa5 8. Bxf6 gxf6 9. cxd5 cxd5 10. Rc1 Nc6 11. e3 Bg4 12. Nh3 Qa6 13. Nf4 Rd8 14.
h3 Be6 15. Bf1 Qa5 16. a3 Bxc3+ 17. Rxc3 Qc7 18. Bb5 O-O 19. O-O Qb6 20. Bxc6 Qxb3 21. Rxb3 bxc6 22. Rc1 Rd6 23. Rb7 Rd7 24. Rxd7 Bxd7 25.
Nh5 Bxh3 26. Nxf6+ Kg7 27. Rxc6 Rb8 28. b4 Be6 29.
Nh5+ Kf8 30. Nf4 a5 31. Nxe6+ fxe6 32. bxa5 Ke7 33. a6 Rb3 34. Rc7+ Kf6 35. Rxh7 Rxa3 36. a7 e5 37. dxe5+ Kxe5 38. Kg2 Kf5 39. Rb7 Ra1 40. Rd7 Ke5 41. g4 Ke6 42. Rb7 Ke5 43. Kg3 Ra2 44.
Kh4 Kf6 45. g5+ Kf5 46. Rg7 Ra1 47. Kg3 Rg1+ 48. Kh2 Ra1 49. Kg2 Ra2 50. Kf1 Ra1+ 51. Ke2 Ra3 52. Kd2 Ke5 53. Kc2 Ra6 54. Kb3 Ra1 55.
Kb4 Kd6 56. Kb5 Rb1+ 57. Ka6 Ra1+ 58. Kb7 Rb1+ 59. Kc8 Rc1+ 60. Kb8 d4 61. a8=Q Rb1+ 62. Rb7 Rxb7+ 63. Qxb7 dxe3 64. Qxe4 exf2 65. Qf4+ Kc6 66. Qxf2 Kd5 67. g6 Ke6 68. g7 Kd5 69. g8=Q+ 1-0

[Event "Early-Titled-Tuesday-Blitz-May-28-2024"]
[Site "Chess.com"]
[Date "2024.05.28"]
[Round "4"]
[White "bubeliang"]
[Black "Likvidator228"]
[Result "1/2-1/2"]
[WhiteElo "2785"]
[BlackElo "2529"]
[TimeControl "180+1"]
[EndTime "8:41:16 PDT"]
[Termination "Game drawn - insufficient material"]

1. e4 c5 2. c3 g6 3. d4 cxd4 4. cxd4 d5 5. e5 a6 6. h3 Nc6 7. Nf3 Bg7 8. Be2 f6 9. O-O fxe5 10. dxe5 Nxe5 11. Nxe5 Bxe5 12. Bf3 Nf6 13. Re1 Qd6 14.
Qe2 Bd4 15. Bh6 Kf7 16. Nc3 e6 17. Rad1 Bxc3 18. bxc3 Bd7 19. c4 Rhe8 20. Qb2 b5 21. cxd5 e5 22. Bg5 Rac8 23. Rc1 Rxc1 24. Rxc1 Rc8 25.
Rd1 Rc4 26. Re1 Rd4 27. Be3 Rc4 28. Bg5 Rd4 29. Bd2 Nxd5 30. Bg5 Be6 31. Qe2 Nc3 32. Qxe5 Qxe5 33. Rxe5 Nxa2 34. Rc5 Nb4 35. Kh2 Nd3 36. Rc7+ Rd7 37. Rc8 a5 38. Ra8 a4 39. Bc6 Bd5 40. Bxd7 Bxa8 41. Bxb5 Nxf2 42. Bxa4 Ne4 43. Be3 Nf6 44. Bb3+ Bd5 45. Bc2 Be4 46. Bd1 h5 47. Bd4 Bf5 48. Bb3+ Be6 49. Bc2 Bf5 50. Bd1 Be6 51.
Kg3 Ne4+ 52. Kf4 Nd6 53. Bf3 Nf5 54. Be5 Ne7 55. Kg5 Bd5 56. Be2 Bxg2 57. h4 Bd5 58. Bd3 Be6 59. Bf6 Bf5 60. Bc4+ Kf8 61. Bxe7+ Kxe7 62. Bd5 Kd6 63. Bc4 Ke5 64. Bb3 Kd6 65. Bc4 Ke7 66. Bb3 Kf8 67. Kf6 Be4 68. Bf7 Bd3 69. Bd5 Bf5 70. Bf3 Bc2 71. Be2 Kg8 72. Bc4+ Kh7 73. Be6 Kh6 74. Bf7 Bf5 75. Bd5 Bg4 76.
Be4 Bf5 77. Bxf5 gxf5 78. Kxf5 Kg7 79. Kg5 Kh7 80. Kxh5 Kg7 81. Kg5 Kh7 82. Kh5 Kg7 83. Kg5 Kh7 84. Kf6 Kh6 85. Kf5 Kh5 86. Kf4 Kxh4 1/2-1/2

[Event "Early-Titled-Tuesday-Blitz-May-28-2024"]
[Site "Chess.com"]
[Date "2024.05.28"]
[Round "4"]
[White "HajiyevKanan"]
[Black "wild3000"]
[Result "1/2-1/2"]
[WhiteElo "2522"]
[BlackElo "2351"]
[TimeControl "180+1"]
[EndTime "8:41:18 PDT"]
[Termination "Game drawn by 50-move rule"]

1. d4 d5 2. Nf3 Nf6 3. c4 e6 4.
cxd5 exd5 5. Nc3 Be7 6. Qc2 O-O 7. Bf4 c6 8. e3 Nbd7 9. Bd3 Re8 10. O-O h6 11. h3 Nf8 12. Rab1 a5 13. Na4 Ne6 14.
Be5 Bd6 15. Rfc1 Bxe5 16. Nxe5 Nd7 17. Nxd7 Bxd7 18. Nc5 Nxc5 19. Qxc5 Qe7 20. b3 Qxc5 21. dxc5 g6 22. h4 Kg7 23. Kf1 Kf6 24. a3 Bf5 25. Ke2 Bxd3+ 26. Kxd3 Re4 27. g3 h5 28. f3 Re7 29. Kd4 Kg7 30. Rc3 f6 31. Re1 Kh6 32.
Rg1 g5 33. Rh1 Kg6 34. Rc2 Rae8 35. Re2 g4 36. fxg4 Re4+ 37. Kd3 Rxg4 38. Rg1 Ree4 39. Rf2 d4 40. exd4 Rxd4+ 41. Kc3 a4 42. b4 Rc4+ 43. Kb2 Rce4 44. Rf3 f5 45. Rgf1 f4 46. gxf4 Kf5 47. Rd1 Rgxf4 48. Rxf4+ Rxf4 49. Rd7 Rxh4 50. Rxb7 Rh2+ 51.
Kc3 Ra2 52. b5 cxb5 53. c6 Rxa3+ 54. Kd4 Ke6 55. Rxb5 Kd6 56. Rc5 Kc7 57. Rxh5 Kxc6 58. Kc4 Ra1 59. Rh6+ Kc7 60. Kb4 a3 61. Kb3 a2 62.
Kb2 Rf1 63. Kxa2 Rf5 64. Kb3 Kd7 65. Kc4 Ke7 66. Kd4 Rf6 67. Rh7+ Ke6 68. Rh8 Rf7 69.
Ke4 Rg7 70. Kf4 Kd6 71. Rh6+ Kd5 72. Kf5 Rf7+ 73. Kg6 Rc7 74. Rh1 Rc6+ 75. Kf5 Rc4 76. Rd1+ Rd4 77. Ra1 Rd2 78. Ra5+ Kd6 79. Ra8 Rf2+ 80.
Ke4 Re2+ 81. Kd3 Re7 82. Ra6+ Ke5 83. Ke3 Kd5+ 84. Kd3 Ke5 85. Ra5+ Kf6 86. Ra1 Re5 87. Kd4 Rf5 88. Rh1 Kg6 89. Ke4 Ra5 90. Rh8 Ra4+ 91.
Ke5 Ra5+ 92. Ke6 Ra6+ 93. Kd5 Ra5+ 94. Kc4 Ra4+ 95. Kb5 Ra7 96. Re8 Rf7 97. Kc6 Rf6+ 98.
Kd5 Rf5+ 99. Ke4 Ra5 100. Rb8 Ra4+ 101. Kf3 Ra3+ 102. Ke2 Ra2+ 103. Kd3 Ra3+ 104. Kd4 Ra4+ 105. Kc5 Ra5+ 106. Kb4 Rf5 107. Rb6+ Kg5 108. Rb8 Rf6 109. Kc5 Rf5+ 110. Kd4 Ra5 111. Rb4 Kf5 112. Ke3 Re5+ 113. Kf3 1/2-1/2

[Event "Early-Titled-Tuesday-Blitz-May-28-2024"]
[Site "Chess.com"]
[Date "2024.05.28"]
[Round "4"]
[White "MKlose11"]
[Black "VacheH009"]
[Result "1-0"]
[WhiteElo "2607"]
[BlackElo "2540"]
[TimeControl "180+1"]
[EndTime "8:41:22 PDT"]
[Termination "MKlose11 won by checkmate"]

1. e4 e5 2. Nf3 Nc6 3. d4 exd4 4.
Bc4 Nf6 5. O-O Nxe4 6. Re1 d5 7. Bxd5 Qxd5 8. Nc3 Qd7 9. Rxe4+ Be7 10. Nxd4 f5 11.
Rf4 O-O 12. Nxc6 Qxc6 13. Qd5+ Qxd5 14. Nxd5 Bd6 15. Rd4 Be5 16. Rd3 c6 17. Ne7+ Kh8 18. Nxc8 Raxc8 19. Be3 h6 20. Rad1 Rf7 21. b3 a6 22. Rd7 Rc7 23. Rd8+ Kh7 24. Bb6 Rce7 25. Bc5 Rc7 26. Kf1 Bf6 27. R8d3 Rc8 28. g3 g5 29. Bb6 Re8 30. Bc5 Rg8 31. Rf3 Be5 32. Re1 Bh8 33. Rd3 Bf6 34. Re6 Bg7 35. a4 Rc8 36. h3 Rcc7 37. Ke2 Rcd7 38. Rde3 f4 39. gxf4 Rxf4 40. Rf3 Rff7 41. Rxf7 Rxf7 42. Ke3 h5 43.
f3 Bf6 44. Ke4 Kg7 45. Bd6 Bd8 46. Be5+ Kh7 47. c4 Be7 48. f4 gxf4 49. Bxf4 Bd8 50.
Rh6+ Kg7 51. Rxh5 Re7+ 52. Re5 Rd7 53. Re6 Kf7 54. Rd6 Re7+ 55. Kf5 Bc7 56. Rf6+ Kg7 57. Bxc7 Rxc7 58. Ke6 a5 59. Kd6 Rc8 60. Re6 Rd8+ 61. Kc5 Rd7 62. Rd6 Re7 63. Rd3 Kf6 64. Kb6 Kf5 65.
Kxa5 Ke4 66. Rg3 Kd4 67. Kb6 Rf7 68. a5 Rf6 69. h4 Rf7 70. h5 Rh7 71. Rh3 Ke4 72. h6 Kd4 73. b4 Kxc4 74. Rh4+ Kb3 75. a6 bxa6 76. Kxa6 Ka4 77. Kb6 Kb3 78. Kxc6 Ka4 79. b5+ Ka5 80. b6 Ka6 81. Ra4# 1-0